 Dungeon Crawl Stone Soup version 0.28-a0-957-g42eb19b844 (webtiles) character file.

Game seed: 14824929293633119225

27 vurker the Gusty (level 2, -1/12 HPs)
             Began as a Felid Air Elementalist on Nov 30, 2021.
             Succumbed to a kobold's poison
             ... on level 1 of the Dungeon.
             The game lasted 00:00:39 (1024 turns).

vurker the Gusty (Felid Air Elementalist)           Turns: 1024, Time: 00:00:39

Health: -1/12      AC:  1    Str:  4    XL:     2   Next: 93%
Magic:  1/6        EV: 17    Int: 16    God:
Gold:   55         SH:  0    Dex: 16    Spells: 4/5 levels left
                                        Lives:  0   Deaths: 0

rFire   . . .      SeeInvis +   (weapon unavailable)
rCold   . . .      Faith    .   (shield unavailable)
rNeg    . . .      Spirit   .   (armour unavailable)
rPois   .          Reflect  .   (helmet unavailable)
rElec   .          Harm     .   (cloak unavailable)
rCorr   .          Rampage  .   (gloves unavailable)
Will    .....                   (boots unavailable)
Stlth   ++........              (no amulet)
HPRegen 0.04/turn               (no ring)
MPRegen 0.10/turn               (no ring)

@: lethally poisoned (-1 -> -17), quick
A: very small, claws 1, fangs 3, see invisible, speed 1, shaggy fur 1, stealthy
paws, no weapons or thrown items, no armour, multi-lived
a: no special abilities


You were on level 1 of the Dungeon.
You visited 1 branch of the dungeon, and saw 1 of its levels.

You collected 55 gold pieces.

Inventory:

Scrolls
 a - a scroll of identify {unknown}
Potions
 b - a potion of attraction {unknown}
 c - a potion of lignification {unknown}


   Skills:
 + Level 0.7 Fighting
 - Level 2.6 Dodging
 - Level 2.6 Stealth
 * Level 2.4 Spellcasting
 + Level 1.3 Conjurations
 * Level 3.1 Air Magic


You had 4 spell levels left.
You knew the following spells:

 Your Spells              Type           Power      Damage    Failure   Level
a - Shock                 Conj/Air       36%        1d5       8%          1

Your spell library contained the following spells:

 Spells                   Type           Power      Damage    Failure   Level
 Static Discharge         Conj/Air       9%         N/A       12%         2
 Swiftness                Air            12%        N/A       16%         3
 Airstrike                Air            6%         N/A       47%         4


Dungeon Overview and Level Annotations

Branches:
Dungeon (1/15)

Altars:


Innate Abilities, Weirdness & Mutations

You have sharp claws.
You have razor-sharp teeth.
You have supernaturally acute eyesight. (SInv)
You cover ground quickly. (Speed+)
You are covered in fur. (AC +1)
Your paws help you pounce on unaware monsters.
You are incapable of wielding weapons or throwing items.
You cannot wear armour.
You gain extra lives every three experience levels.


Message History

You miscast Shock.
You are very lightly contaminated with residual magic.
Nothing appears to happen.
There are monsters nearby!
Aim: a rat (68% to hit)
The zap hits the rat.
You kill the rat!
Aim: a hobgoblin (68% to hit)
The zap hits the hobgoblin.
There are monsters nearby!
Aim: a hobgoblin (heavily wounded, 68% to hit)
That beam is likely to hit you.
Continue anyway? [Y]es or [N]o only, please.
That beam is likely to hit you.
Continue anyway? [Y]es or [N]o only, please.
That beam is likely to hit you.
Continue anyway?
Okay, then.
Unknown command.
Aim: a hobgoblin (heavily wounded, 68% to hit)
The zap hits the hobgoblin.
You kill the hobgoblin!
The zap misses the goblin.
The zap hits the goblin.
You don't have enough magic to cast this spell.
You don't have enough magic to cast this spell.
You don't have enough magic to cast this spell.
The goblin hits you with a +0 dagger.
You scratch the goblin.
You kill the goblin!
Your magical contamination has completely faded away.
No target in view!
No target in view!
A kobold comes into view.
It is wielding a +2 short sword of venom.
A kobold is nearby!
A kobold is nearby!
Aim: a kobold, wielding a +2 short sword of venom (wandering, hasn't noticed you, 60% to hit)
The zap misses the kobold.
The kobold shouts!
You don't have enough magic to cast this spell.
You don't have enough magic to cast this spell.
A kobold is nearby!
A kobold is nearby!
You don't have enough magic to cast this spell.
You don't have enough magic to cast this spell.
You see here a +0 dagger.
You scratch the kobold.
The kobold hits you with a +2 short sword of venom!
Ouch! That really hurt!
* * * LOW HITPOINT WARNING * * *
You are lethally poisoned!
You die...

....... .......
....... ......†
....).. ### .......
#.[ ......K#######
....# #.#
#.)@....#....># #.#
#.###...##.#..####.#
#. #...##.#.....#.#
#. #.†.##.....#.#.#
.. ##.#.#.#.#...#..
## #............#..
##.##'##.#...... #+#
#..#...#..##.)#. #.#
##.+...'.#......


You could see a kobold.

Vanquished Creatures
  A dart slug (D:1)
  A bat (D:1)
  3 endoplasms (D:1)
  3 goblins (D:1)
  2 hobgoblins (D:1)
  2 quokkas (D:1)
  2 ball pythons (D:1)
  A frilled lizard (D:1)
  4 kobolds (D:1)
  6 rats (D:1)
25 creatures vanquished.

Vanquished Creatures (others)
  4 plants (D:1)
4 creatures vanquished.

Grand Total: 29 creatures vanquished

Notes
Turn   | Place    | Note
-------+----------+-------------------------------------------
     0 | D:1      | vurker the Felid Air Elementalist began the quest for the
                  | Orb.
     0 | D:1      | Reached XP level 1. HP: 7/7 MP: 4/4
   162 | D:1      | Reached skill level 1 in Conjurations
   286 | D:1      | Reached XP level 2. HP: 1/12 MP: 0/6
   682 | D:1      | Found a faded altar of an unknown god.
   753 | D:1      | Reached skill level 3 in Air Magic
  1024 | D:1      | Succumbed to a kobold's poison

Illustrated notes

Levels and vault maps discovered:
D:1:      dpeg_arrival_lava_temple_mockup, layout_basic,
          shapermc_ecumenical_altar_mp_urbaneastern, minmay_misc_feat_doors,
          minmay_hexomino_u4

Skill      XL: |  1  2 |
---------------+-------+-----
Conjurations   | 1 |  1.3
Air Magic      | 3 |  3.1
Fighting       | |  0.7
Dodging        | |  2.6
Stealth        | |  2.6
Spellcasting   | |  2.4

Action                   || total
-------------------------++-------
Melee: Unarmed           ||    13
 Cast: Shock             ||    41
Dodge: Dodged            ||    10

Table legend: (Time is in decaauts)
 A = Elapsed time spent in this place.
 B = Non-inter-level travel time spent in this place.
 C = Inter-level travel time spent in this place.
 D = Time resting spent in this place.
 E = Time spent auto-exploring this place.
 F = Levels seen in this place.
 G = Mean time per level.
                   A        B        C        D        E       F      G
               +--------+--------+--------+--------+--------+-----+--------+
         Total |    958 |    958 |      0 |      0 |    847 |   1 |  958.0 |
       Dungeon |    958 |    958 |      0 |      0 |    847 |   1 |  958.0 |
               +--------+--------+--------+--------+--------+-----+--------+

Top non-repeatable levels by time:
     D:1: 958 daAuts
